 Dungeon Crawl Stone Soup version 0.23-a0-49-gd9f7a49 (webtiles) character file.

4428 vineage the Cleaver (level 10, -4/76 HPs)
             Began as a Formicid Fighter on Aug 7, 2018.
             Was an Elder of Okawaru.
             Slain by a troll (8 damage)
             ... on level 9 of the Dungeon.
             The game lasted 00:13:47 (9574 turns).

vineage the Cleaver (Formicid Fighter)              Turns: 9574, Time: 00:13:48

Health: -4/76      AC: 16    Str: 31    XL:     10   Next: 62%
Magic:  8/10       EV: 13    Int:  4    God:    Okawaru [****..]
Gold:   150        SH: 14    Dex: 12    Spells: 9/9 levels left

rFire    . . .     SeeInvis +   A - +3 battleaxe
rCold    . . .     Gourm    .   c - +0 shield
rNeg     . . .     Faith    .   t - +2 chain mail of the Dropbear {+Fly MR+ Int-4}
rPois    .         Spirit   .   (helmet unavailable)
rElec    .         Reflect  .   (no cloak)
rCorr    .         Harm     .   q - +0 pair of gloves
MR       ++...                  (no boots)
Stlth    ..........             (no amulet)
HPRegen  0.22/turn              v - +4 ring of strength
MPRegen  0.12/turn              (no ring)

@: mighty, lethally poisoned (-4 -> -22), heroism
A: permanent stasis, dig shafts and tunnels, four strong arms, antennae 3
a: Dig, Shaft Self, Heroism, Renounce Religion, Evoke Flight


You were on level 9 of the Dungeon.
You worshipped Okawaru.
Okawaru was greatly pleased with you.
You were not hungry.

You visited 1 branch of the dungeon, and saw 9 of its levels.

You collected 501 gold pieces.
You spent 351 gold pieces at shops.

Inventory:

Hand Weapons
 a - a +1 war axe
 A - a +3 battleaxe (weapon)
Armour
 b - a +0 scale mail
 c - a +0 shield (worn)
 q - a +0 pair of gloves (worn)
 t - the +2 chain mail of the Dropbear (worn) {+Fly MR+ Int-4}
   (You found it on level 7 of the Dungeon)

   It affects your intelligence (-4).
   It affects your resistance to hostile enchantments.
   It lets you fly.
Jewellery
 v - a +4 ring of strength (left hand)
Wands
 i - a wand of iceblast (11)
 p - a wand of flame (18)
Scrolls
 h - 2 scrolls of magic mapping
 j - 5 scrolls of fear
 r - a scroll of enchant weapon
 w - 4 scrolls of fog
 x - 2 scrolls of identify
 y - a scroll of remove curse
Potions
 d - a potion of cancellation
 e - 4 potions of flight
 g - 2 potions of brilliance {unknown}
 k - a potion of haste {unknown}
 l - 2 potions of degeneration {unknown}
 m - a potion of agility {unknown}
 o - a potion of magic {unknown}
 s - a potion of ambrosia {unknown}
 z - a potion of mutation {unknown}
 B - a potion of resistance {unknown}
 D - a potion of berserk rage {unknown}
Comestibles
 f - 8 rations


   Skills:
 + Level 5.6(10.6) Fighting
 * Level 11.1(16.1) Axes
 + Level 7.6(12.6) Armour
 + Level 2.7(7.7) Dodging
 + Level 0.2(5.2) Stealth
 + Level 7.4(12.4) Shields
 + Level 0.4 Invocations


You had 9 spell levels left.
You didn't know any spells.
Your spell library was empty.

Dungeon Overview and Level Annotations

Branches:
Dungeon (9/15)             Temple (0/1) D:4            Lair (0/6) D:8
    Orc (0/2) D:9

Altars:
Cheibriados
Fedhas
Nemelex Xobeh
Okawaru
Sif Muna
Wu Jian

Shops:
D:5 ?[   D:6 =??:

Annotations:
D:4 2 transporters, totalnoob's ghost, novice GrFi


Innate Abilities, Weirdness & Mutations

You cannot be hasted, slowed, berserked, paralysed or teleported.
You can dig through walls and to a lower floor.
Your four strong arms can wield two-handed weapons with a shield.
You have a pair of large antennae on your head. (SInv)


Message History

You block the troll's attack.
You feel better. You block the troll's attack. The troll claws you!
* * * LOW HITPOINT WARNING * * *
You block the troll's attack.
The orc warrior hits you from afar with a glaive of venom!
* * * LOW HITPOINT WARNING * * *
You are lethally poisoned!
You feel much better.
* * * LOW HITPOINT WARNING * * *
You feel very sick. The troll bites you but does no damage.
You block the troll's attack. The troll claws you.
* * * LOW HITPOINT WARNING * * *
The orc warrior barely misses you.
You feel very mighty all of a sudden.
* * * LOW HITPOINT WARNING * * *
You feel sick. The troll bites you!
* * * LOW HITPOINT WARNING * * *
You block the troll's attack. The troll claws you!
You die...

#.# #.######### #.#
#.......... #.#
############. #.#
#............ #.#
#............
...####.###............ #.
..>....................
#...#######.######...#####.
#......goT@.# ##### #.
!..###o###.# .. #8{{{8#.# .
#o{{{{#.# #OK{{.#.#
#.g{..#.# #8...8### #######


You could see a troll, an orc warrior, a gnoll sergeant and an orc.

Vanquished Creatures
  A manticore (D:9)
  Prince Ribbit (D:6)
  Grinder (D:5)
  A hippogriff (D:4)
  Sigmund (D:4)
  A hungry ghost (D:5)
  A water moccasin (D:8)
  2 orc warriors
  A black bear (D:8)
  A phantom (D:8)
  5 ogres
  A centaur (D:8)
  2 big kobolds
  2 bullfrogs
  A gnoll sergeant (D:7)
  A water moccasin skeleton (D:8)
  4 scorpions
  A howler monkey (D:4)
  5 wights (D:8)
  5 crimson imps
  2 jellies
  A bullfrog skeleton (D:6)
  5 hounds
  An iron imp (D:6)
  6 orc priests
  A gnoll shaman (D:5)
  2 iguanas
  Ijyb (D:4)
  Natasha (thrice) (D:4)
  9 orc wizards
  3 worker ants
  2 hound skeletons
  8 gnolls
  7 adders
  An ooze (D:1)
  A worm (D:5)
  2 dart slugs
  4 leopard geckos
  36 orcs
  3 giant cockroaches
  10 goblins
  6 hobgoblins
  15 jackals
  3 bats
  7 frilled lizards
  32 kobolds
  A quokka skeleton (D:2)
  A quokka zombie (D:5)
  5 rats
  A plant (D:1)
217 creatures vanquished.

Vanquished Creatures (others)
  4 plants (D:7)
4 creatures vanquished.

Grand Total: 221 creatures vanquished

Notes
Turn   | Place    | Note
-------+----------+-------------------------------------------
     0 | D:1      | vineage the Formicid Fighter began the quest for the Orb.
     0 | D:1      | Reached XP level 1. HP: 18/18 MP: 1/1
    62 | D:1      | Reached XP level 2. HP: 14/24 MP: 2/2
   552 | D:1      | Reached XP level 3. HP: 24/29 MP: 3/3
  1129 | D:2      | Found an iron altar of Okawaru.
  1243 | D:3      | Reached skill level 3 in Axes
  1243 | D:3      | Reached XP level 4. HP: 9/36 MP: 4/4
  1860 | D:3      | Found a faded altar of an unknown god.
  2080 | D:3      | Reached XP level 5. HP: 35/42 MP: 5/5
  2497 | D:3      | Found a deep blue altar of Sif Muna.
  2673 | D:2      | Became a worshipper of Warmaster Okawaru
  2759 | D:2      | Found an ornate altar of the Wu Jian Council.
  3250 | D:4      | Noticed Ijyb
  3269 | D:3      | Reached skill level 4 in Axes
  3338 | D:4      | Killed Ijyb
  3338 | D:4      | Reached XP level 6. HP: 41/48 MP: 6/6
  3714 | D:4      | Reached skill level 5 in Axes
  3714 | D:4      | Reached skill level 1 in Dodging
  3737 | D:4      | Found a transporter.
  3737 | D:4      | Noticed a black bear
  3741 | D:4      | Noticed totalnoob's ghost (novice GrFi)
  3748 | D:4      | Found a transporter.
  3752 | D:4      | Noticed Natasha
  3761 | D:4      | Killed Natasha
  3770 | D:4      | Reached * piety under Okawaru
  3770 | D:4      | Reached XP level 7. HP: 53/54 MP: 7/7
  3831 | D:4      | Found a staircase to the Ecumenical Temple.
  3843 | D:4      | Noticed a hippogriff
  3846 | D:4      | Noticed Sigmund
  3855 | D:4      | Killed a hippogriff
  3855 | D:4      | Reached skill level 6 in Axes
  3855 | D:4      | Reached skill level 5 in Shields
  3860 | D:4      | Killed Sigmund
  3860 | D:4      | Reached ** piety under Okawaru
  3860 | D:4      | Reached XP level 8. HP: 31/60 MP: 5/8
  3994 | D:4      | Reached skill level 7 in Axes
  4001 | D:4      | Reached skill level 5 in Armour
  4034 | D:4      | Noticed Natasha
  4049 | D:4      | Killed Natasha
  4066 | D:4      | Found a blossoming altar of Fedhas.
  4143 | D:4      | Noticed Natasha
  4149 | D:4      | Killed Natasha
  4215 | D:5      | Entered Level 5 of the Dungeon
  4215 | D:5      | Found Zail's Magic Scroll Shop.
  4306 | D:5      | HP: 3/61 [gnoll/spear (7)]
  4893 | D:5      | Noticed Grinder
  4909 | D:5      | Killed Grinder
  4909 | D:5      | Reached skill level 8 in Axes
  4909 | D:5      | Reached XP level 9. HP: 31/66 MP: 9/9
  5185 | D:5      | Found Joafesala's Armour Shoppe.
  5462 | D:6      | Noticed Prince Ribbit
  5482 | D:6      | Killed Prince Ribbit
  5482 | D:6      | Reached *** piety under Okawaru
  5844 | D:6      | Found Warrof's Magic Scroll Emporium.
  5868 | D:6      | Found Naxavic's Magic Scroll Shoppe.
  6059 | D:6      | Found a sparkling altar of Nemelex Xobeh.
  6089 | D:6      | Found Nuryqec's Book Emporium.
  6127 | D:6      | Found Ustran's Jewellery Emporium.
  6268 | D:6      | Found a snail-covered altar of Cheibriados.
  6339 | D:7      | Reached skill level 9 in Axes
  6954 | D:7      | Reached skill level 5 in Fighting
  7052 | D:7      | Got a fine chain mail
  7262 | D:7      | Identified the +2 chain mail of the Dropbear {+Fly MR+ Int-4} (You found it on level 7 of the Dungeon)
  7317 | D:7      | Reached **** piety under Okawaru
  7572 | D:6      | Bought a +4 ring of strength for 351 gold pieces
  7864 | D:7      | Reached XP level 10. HP: 22/74 MP: 7/10
  8413 | D:8      | Reached skill level 10 in Axes
  8938 | D:8      | Found a staircase to the Lair.
  9256 | D:9      | Noticed a manticore
  9263 | D:9      | Killed a manticore
  9263 | D:9      | Reached skill level 11 in Axes
  9551 | D:9      | Found a staircase to the Orcish Mines.
  9572 | D:9      | HP: 3/76 [orc warrior/glaive of venom (16)]
  9574 | D:9      | Slain by a troll

Vault maps used:
D:1:      mrwooster_arrival_statue_3, serial_forest, infiniplex_forest_zigzag_2,
          infiniplex_forest_end_2, infiniplex_forest_clump_curved,
          infiniplex_forest_clump_small, infiniplex_forest_end_2,
          infiniplex_forest_straight_4, infiniplex_forest_clump_small,
          infiniplex_forest_end_2, infiniplex_forest_lined_room_2, hex_tiny,
          st_stairs_3
D:2:      marbit_many_paths, nicolae_overflow_hidden_temple, minmay_heptomino_l4
D:3:      led_sif_book, first_ration, chequers_ecumenical_altar_grove,
          hangedman_decor_lopped
D:4:      old_standard_altar, minmay_temple_entry_hall, gammafunk_ghost_arena,
          uniq_natasha, uniq_sigmund, uniq_ijyb
D:5:      serial_shops, shop, nicolae_shop_competitors_out_of_business,
          uniq_grinder
D:6:      slow_altar_2, serial_shops,
          nicolae_shop_temple_entry_statues_fountains, shop,
          kennysheep_mini_moat, shop, nemelex_spade_bored_becter,
          uniq_prince_ribbit1
D:7:      kennysheep_kobold_camp
D:8:      lair_entry_dummy
D:9:      overflow_temple_1_default, kennysheep_mini,
          kennysheep_orc_monster_closet_entryway, hangedman_fish_farm,
          uniq_pikel

Skill      XL: |  1  2  3  4  5  6  7  8  9 10 |
---------------+-------------------------------+-----
Shields        | 4 5 6 7 |  7.4
Axes           | 3 4 5 6 8 9 11 | 11.1
Armour         | 4 5 7 |  7.6
Fighting       | 4 5 |  5.6
Dodging        | 1 2 |  2.7
Stealth        | |  0.2
Invocations    | |  0.4

Action                   |  1- 3 |  4- 6 |  7- 9 | 10-12 || total
-------------------------+-------+-------+-------+-------++-------
Melee: War axe           |   116 |   166 |   387 |    71 ||   740
       Battleaxe         |       |       |       |   109 ||   109
Invok: Heroism           |       |       |     5 |     6 ||    11
  Use: Scroll            |       |     7 |     4 |     1 ||    12
       Potion            |       |       |     4 |     4 ||     8
  Eat: Ration            |     1 |     2 |     6 |     2 ||    11
       Chunk             |       |       |     3 |     1 ||     4
Armor: Scale mail        |    37 |    96 |    82 |       ||   215
       Chain mail        |       |       |    21 |    68 ||    89
       Skin              |       |       |     2 |       ||     2
Dodge: Dodged            |    36 |    63 |   123 |    57 ||   279
Block: Shield            |    52 |   109 |   214 |   123 ||   498

Table legend:
 A = Spawn XP
 B = Non-spawn XP
 C = Spawn XP percentage of total XP
 D = Spawn monster count
 E = Non-spawn monster count
 F = Spawn count percentage of total count
 G = Total turns spent on level
                    A         B        C        D         E        F      G
               +---------+---------+-------+---------+---------+-------+---------
         Total |       0 |    6327 |   0.0 |       0 |     216 |   0.0 |  9574
               +---------+---------+-------+---------+---------+-------+---------
           D:1 |       0 |      40 |   0.0 |       0 |      21 |   0.0 |   957
           D:2 |       0 |      52 |   0.0 |       0 |      18 |   0.0 |   791
           D:3 |       0 |     207 |   0.0 |       0 |      29 |   0.0 |  1937
           D:4 |       0 |    1080 |   0.0 |       0 |      28 |   0.0 |   530
           D:5 |       0 |     835 |   0.0 |       0 |      19 |   0.0 |  1247
           D:6 |       0 |     674 |   0.0 |       0 |      12 |   0.0 |   901
           D:7 |       0 |    1067 |   0.0 |       0 |      43 |   0.0 |  1971
           D:8 |       0 |    1480 |   0.0 |       0 |      33 |   0.0 |   905
           D:9 |       0 |     892 |   0.0 |       0 |      13 |   0.0 |   335
               +---------+---------+-------+---------+---------+-------+---------
